 Dungeon Crawl Stone Soup version 0.26.1-2-gb8aa6d0cf2 (webtiles) character file.

Game seed: 15929792203514952664

966 Gadfly the Ruffian (level 7, -4/57 HPs)
             Began as a Purple Draconian Transmuter on Feb 21, 2021.
             Was a Follower of Wu Jian.
             Splashed by Pikel's acid (11 damage)
             ... on level 5 of the Dungeon.
             The game lasted 00:10:52 (5839 turns).

Gadfly the Ruffian (Purple Draconian Transmuter)    Turns: 5839, Time: 00:10:52

Health: -4/57      AC:  2    Str: 13    XL:     7   Next: 93%
Magic:  13/13      EV: 13    Int: 14    God:    Wu Jian [*.....]
Gold:   91         SH:  5    Dex: 12    Spells: 5/15 levels left

rFire    . . .     SeeInvis .   b - +2 dagger (elec)
rCold    . . .     Faith    .   (no shield)
rNeg     . . .     Spirit   .   (armour unavailable)
rPois    .         Reflect  +   c - +1 hat
rElec    .         Harm     .   s - +0 cloak
rCorr    .         Rampage  .   h - +0 pair of gloves
Will     +....                  x - +0 pair of boots
Stlth    +.........             u - amulet of reflection
HPRegen  0.19/turn              (no ring)
MPRegen  0.13/turn              q - ring of wizardry

@: corroded
A: breathe power, unfitting armour, cold-blooded, AC +6
a: Breathe Dispelling Energy, Renounce Religion


You were on level 5 of the Dungeon.
You worshipped Wu Jian.
Wu Jian was aware of your devotion.
You visited 1 branch of the dungeon, and saw 5 of its levels.

You collected 195 gold pieces.
You spent 104 gold pieces at shops.

Inventory:

Hand Weapons
 b - a +2 dagger of electrocution (weapon)
 k - a +0 dagger of venom
Armour
 c - a +1 hat (worn)
 h - a +0 pair of gloves (worn)
 s - a +0 cloak (worn)
 x - a +0 pair of boots (worn)
Jewellery
 p - an uncursed ring of resist corrosion
 q - a ring of wizardry (right hand)
 u - an amulet of reflection (around neck)
Wands
 m - a wand of enslavement (7)
 o - a wand of random effects (17)
Scrolls
 a - 3 scrolls of magic mapping
 i - a scroll of fear
 j - 3 scrolls of identify
 w - a scroll of blinking
Potions
 d - a potion of berserk rage
 e - a potion of magic {unknown}
 f - 5 potions of curing
 g - a potion of brilliance
 l - 3 potions of heal wounds
 n - 2 potions of mutation
 t - 2 potions of haste


   Skills:
 + Level 3.4 Fighting
 * Level 3.5 Dodging
 * Level 5.3 Unarmed Combat
 * Level 4.6 Spellcasting
 * Level 4.0 Transmutations
 * Level 3.8 Evocations


You had 5 spell levels left.
You knew the following spells:

 Your Spells              Type           Power        Failure   Level
a - Beastly Appendage     Tmut           28%          1%          1
b - Wereblood             Tmut           14%          2%          2
c - Spider Form           Tmut/Pois      4%           10%         3
d - Ice Form              Ice/Tmut       8%           30%         4

Your spell library contained the following spells:

 Spells                   Type           Power        Failure   Level
 Magic Dart               Conj           12%          8%          1
 Searing Ray              Conj           6%           12%         2
 Dazzling Flash           Conj/Hex       6%           22%         3
 Blade Hands              Tmut           7%           34%         5
 Fulminant Prism          Conj/Hex       1%           56%         4
 Iskenderun's Mystic Bla  Conj/Tloc      3%           56%         4


Dungeon Overview and Level Annotations

Branches:
Dungeon (5/15)
 Temple: D:4-7

Altars:
Cheibriados
Hepliaklqana
Makhleb
Nemelex Xobeh
Wu Jian

Shops:
D:4 !

Portals:
Abyss: D:4

Annotations:
D:4 2 transporters, KittyFluff's ghost, amateur GrHu
D:5 Pikel


Innate Abilities, Weirdness & Mutations

You can breathe bolts of dispelling energy.
Your rich purple scales are hard. (AC +6)
You cannot fit into any form of body armour.
You are cold-blooded and may be slowed by cold attacks.


Message History

You are too injured to fight recklessly!
You are too injured to fight recklessly!
You are too injured to fight recklessly!
You are too injured to fight recklessly!
You are too injured to fight recklessly!
You are too injured to fight recklessly!
You are too injured to fight recklessly!
You are too injured to fight recklessly!
You are too injured to fight recklessly!
You are too injured to fight recklessly!
You hit Pikel but do no damage. Lightning courses through Pikel!!
Your tail-slap misses Pikel.
Pikel is heavily wounded.
Pikel closely misses you.
You hit Pikel but do no damage.
Pikel is heavily wounded.
Pikel zaps a wand.
The bolt of acid hits you!!
* * * LOW HITPOINT WARNING * * *
The acid corrodes you!
You are splashed with acid!
You die...

..# ..# #. ..# ... ..##
...## #### ...# ....##..
...# #...... #### #....#
# #....### #..K@.<#
#..........#
#...###......# ## #.#
#[.......# #. .
#.........# #.##
#.........# ..#
###..........# ###.##
#.#....?......##
.##..#####..............#


You could see Pikel.

Vanquished Creatures
  Menkaure (D:4)
  A water moccasin (D:5)
  An ice beast (D:2)
  An ogre (D:3)
  2 phantoms
  4 lemures (D:4)
  Blork the orc (D:4)
  A hound (D:5)
  Jessica (D:3)
  2 orc wizards
  2 worker ants (D:5)
  A hound skeleton (D:4)
  3 gnolls (D:2)
  2 adders (D:2)
  An ufetubus (D:5)
  An ooze (D:2)
  An adder skeleton (D:4)
  6 worms
  2 dart slugs
  2 leopard geckos
  15 orcs
  7 bats
  3 giant cockroaches
  10 goblins
  8 hobgoblins
  7 jackals
  3 kobolds
  A quokka (D:5)
  A ball python (D:3)
  7 frilled lizards
  A leopard gecko skeleton (D:4)
  7 rats
106 creatures vanquished.

Vanquished Creatures (others)
  A plant (D:1)
1 creature vanquished.

Grand Total: 107 creatures vanquished

Notes
Turn   | Place    | Note
-------+----------+-------------------------------------------
     0 | D:1      | Gadfly the Draconian Transmuter began the quest for the
                  | Orb.
     0 | D:1      | Reached XP level 1. HP: 16/16 MP: 3/3
    21 | D:1      | Found a snail-covered altar of Cheibriados.
   290 | D:1      | Reached XP level 2. HP: 22/23 MP: 3/5
   701 | D:1      | Learned a level 2 spell: Wereblood
   913 | D:2      | Found a hazy altar of Hepliaklqana.
   947 | D:2      | Reached XP level 3. HP: 20/29 MP: 6/6
   951 | D:2      | Learned a level 3 spell: Spider Form
  1277 | D:2      | Noticed an ice beast
  1293 | D:2      | Killed an ice beast
  1294 | D:2      | Reached skill level 4 in Unarmed Combat
  1294 | D:2      | Reached skill level 1 in Evocations
  1294 | D:2      | Reached XP level 4. HP: 20/36 MP: 7/7
  1294 | D:2      | Reached XP level 5. HP: 22/41 MP: 8/8
  2490 | D:3      | Noticed Jessica
  2504 | D:3      | Found an ornate altar of the Wu Jian Council.
  2509 | D:3      | Killed Jessica
  2731 | D:3      | Became a worshipper of the Wu Jian Council
  2756 | D:3      | Found a sparkling altar of Nemelex Xobeh.
  2818 | D:3      | Reached XP level 6. HP: 37/50 MP: 10/10
  3524 | D:3      | Learned a level 4 spell: Ice Form
  3564 | D:4      | Noticed Menkaure
  3588 | D:3      | Reached * piety under Wu Jian
  3928 | D:4      | Killed Menkaure
  3966 | D:4      | Found a burning altar of Makhleb.
  4007 | D:4      | Found Roimarch's Distillery.
  4036 | D:4      | Bought a potion of mutation for 104 gold pieces
  4068 | D:4      | Your scales start taking on a rich purple colour.
  4068 | D:4      | Reached XP level 7. HP: 46/57 MP: 11/13
  4090 | D:4      | Reached skill level 5 in Unarmed Combat
  4214 | D:4      | Found a transporter.
  4220 | D:4      | Found a transporter.
  4265 | D:4      | Noticed a small abomination
  4295 | D:4      | Found a one-way gate to the infinite horrors of the Abyss.
  4498 | D:4      | Noticed Blork the orc
  4504 | D:4      | Killed Blork the orc
  4683 | D:4      | Noticed KittyFluff's ghost (amateur GrHu)
  4834 | D:5      | Entered Level 5 of the Dungeon
  5108 | D:5      | Got a warped flail
  5118 | D:5      | Identified the +5 flail of Izekaxuyn {pain, +Blink rC+
                  | rN+++ MP-9} (You found it on level 5 of the Dungeon)
  5651 | D:5      | Noticed Pikel
  5839 | D:5      | Splashed by Pikel's acid

Illustrated notes

Levels and vault maps discovered:
D:1:      eino_arrival_tree_alley, layout_rooms, cheibriados_altar_1
D:2:      layout_basic, nzn_hepliaklqana_mist_gate, grunt_ministairs_10
D:3:      layout_basic, lemuel_round_altar, nemelex_altar_shiori,
          grunt_ministairs_9, hex_large, uniq_jessica
D:4:      layout_layer_cave, kennysheep_mini, serial_shops, shop,
          gammafunk_ghost_abyssal_escape, uniq_blork_the_orc, uniq_menkaure
D:5:      layout_layer_cave, minmay_misc_feat_nine_boxes,
          kennysheep_generic_room_7, uniq_pikel

Skill      XL: |  1  2  3  4  5  6  7 |
---------------+----------------------+-----
Dodging        | 2 3 |  3.5
Fighting       | 2 3 |  3.4
Unarmed Combat | 4 5 |  5.3
Evocations     | 1 2 3 |  3.8
Transmutations | 3 4 |  4.0
Spellcasting   | 4 |  4.6

Action                   |  1- 3 |  4- 6 |  7- 9 || total
-------------------------+-------+-------+-------++-------
Melee: Unarmed           |    97 |    36 |     1 ||   134
       Tailslap          |     7 |    21 |     8 ||    36
       Kick              |    13 |     4 |     1 ||    18
       Headbutt          |     8 |       |     1 ||     9
       Punch             |     1 |     2 |     3 ||     6
       Dagger            |       |   174 |    98 ||   272
 Cast: Beastly Appendage |    16 |     9 |     2 ||    27
Invok: Lunge             |       |    10 |     4 ||    14
       Whirlwind         |       |       |     4 ||     4
  Use: Scroll            |     7 |     5 |     4 ||    16
 Stab: Sleeping          |       |     1 |       ||     1
Armor: Skin              |    25 |    87 |    31 ||   143
Dodge: Dodged            |    54 |   131 |    62 ||   247
Block: Other             |       |       |     5 ||     5
